 Dungeon Crawl Stone Soup version 0.29.1-2-gbd0b4ee654 (webtiles) character file.

Game seed: 16456742617846681095

268 GorkyZ the Sneak (level 6, -4/47 HPs)
             Began as a Demonspawn Brigand on Nov 19, 2022.
             Slain by a sky beast (6 damage)
             ... on level 4 of the Dungeon.
             The game lasted 00:15:28 (4829 turns).

GorkyZ the Sneak (Demonspawn Brigand)               Turns: 4829, Time: 00:15:30

Health: -4/47      AC: 18    Str: 13 (14) XL:     6   Next: 0%
Magic:  6/6        EV:  6    Int: 10 (12) God:
Gold:   155        SH:  0    Dex: 14      Spells: 5/5 levels left

rFire   . . .      SeeInvis .   i - +1 hand axe
rCold   . . .      Faith    .   (no shield)
rNeg    . . .      Spirit   .   m - +0 chain mail
rPois   .          Reflect  .   n - +2 helmet
rElec   .          Harm     .   c - +0 cloak
rCorr   .          Rampage  .   (no gloves)
Will    .....                   (no boots)
Stlth   ..........              (no amulet)
HPRegen 0.15/turn               (no ring)
MPRegen 0.10/turn               (no ring)

@: sanguine armoured
A: sanguine armour 1
a: no special abilities


You were on level 4 of the Dungeon.
You visited 1 branch of the dungeon, and saw 4 of its levels.

You collected 155 gold pieces.

Inventory:

Hand Weapons
 a - a +2 dagger
 i - a +1 hand axe (weapon)
Missiles
 d - 6 poisoned darts (quivered)
 e - 3 curare-tipped darts
Armour
 b - a +0 robe
 c - a +0 cloak (worn)
 m - a +0 chain mail (worn)
 n - a +2 helmet (worn)
Scrolls
 f - a scroll of enchant armour
 h - 2 scrolls of enchant weapon
 k - 3 scrolls of identify
 o - a scroll of immolation
Potions
 g - a potion of might
 j - a potion of lignification
 l - a potion of heal wounds
 q - 2 potions of haste


   Skills:
 + Level 3.3 Fighting
 - Level 1.7 Short Blades
 + Level 1.7(1.9) Axes
 - Level 0.8(1.4) Maces & Flails
 + Level 3.0 Throwing
 + Level 2.0 Armour
 - Level 0.8 Dodging
 - Level 3.6 Stealth
 + Level 2.2 Shields


You had 5 spell levels left.
You didn't know any spells.
Your spell library contained the following spells:

 Spells                   Type           Power      Damage    Failure   Level
 Ozocubu's Armour         Ice            0%         N/A       100%        3
 Metabolic Englaciation   Hex/Ice        0%         N/A       100%        5
 Simulacrum               Ice/Necr       0%         N/A       100%        6


Dungeon Overview and Level Annotations

Branches:
Dungeon (4/15)
 Temple: D:4-7

Altars:
Kikubaaqudgha
Nemelex Xobeh
Uskayaw
Yredelemnul

Annotations:
D:4 2 transporters, Menkaure


Innate Abilities, Weirdness & Mutations

When seriously injured, your blood forms armour. (AC +6)


Message History

The sky beast hits you but does no damage.
You closely miss the sky beast.
The sky beast is heavily wounded.
The sky beast barely misses you.
You hit the sky beast.
The sky beast is heavily wounded.
The sky beast flickers out of sight!
Deactivating autopickup; reactivate with Ctrl-A.
Something hits you but does no damage.
You miss something. Something hits you but does no damage.
Throw: 8 darts (poison)
Press: ? - help, Q - select action, (/) - cycle Shift-Dir - straight line You throw a poisoned dart.
Something hits you but does no damage.
Throw: 7 darts (poison)
Press: ? - help, Q - select action, (/) - cycle Shift-Dir - straight line You throw a poisoned dart.
A sky beast appears from thin air!
Reactivating autopickup.
The sky beast hits you.
* * * LOW HITPOINT WARNING * * *
The sky beast shocks you.
* * * LOW HITPOINT WARNING * * *
Throw: 6 darts (poison)
Press: ? - help, Q - select action, (/) - cycle Shift-Dir - straight line, f - sky beast
Aim: a sky beast (rain, heavily wounded, poisoned, 50% to hit)
Okay, then.
You hit the sky beast.
The sky beast is heavily wounded.
The sky beast barely misses you.
You hit the sky beast.
The sky beast is almost dead.
The sky beast hits you but does no damage.
You closely miss the sky beast.
The sky beast is almost dead.
The sky beast hits you but does no damage.
The sky beast hits you.
* * * LOW HITPOINT WARNING * * *
The sky beast shocks you.
You die...

######.....# #.##.....
........(...#####..+.....
....................# ....
....................+ ..
#....................######
#.........~...#####........
#.............#####........
#.........Y####............
#.........@...#.....##.....
#.............#.....##.....
#.............#.....##.....
####...####.##.....######.
#.).####........### #.
###...#.............####.
#.....(..................
#...............##.......
#........###....##.......


You could see a sky beast (poisoned).

Vanquished Creatures
  An ogre (D:3)
  Jessica (D:2)
  An iguana (D:4)
  An orc wizard (D:3)
  Robin (D:2)
  An adder (D:4)
  2 worms
  6 orcs
  7 endoplasms
  4 giant cockroaches
  12 goblins
  9 hobgoblins
  5 jackals
  A quokka (D:1)
  5 ball pythons
  5 bats (D:1)
  8 frilled lizards
  3 kobolds
  6 rats
79 creatures vanquished.

Vanquished Creatures (others)
  3 plants (D:1)
3 creatures vanquished.

Grand Total: 82 creatures vanquished

Notes
Turn   | Place    | Note
-------+----------+-------------------------------------------
     0 | D:1      | GorkyZ the Demonspawn Brigand began the quest for the Orb.
     0 | D:1      | Reached XP level 1. HP: 16/16 MP: 1/1
   462 | D:1      | Gained mutation: When seriously injured, your blood forms
                  | armour. (AC +6) [demonic ancestry]
   462 | D:1      | Reached XP level 2. HP: 21/22 MP: 2/2
   542 | D:1      | Found a faded altar of an unknown god.
  1071 | D:1      | Reached XP level 3. HP: 22/28 MP: 3/3
  1465 | D:2      | Noticed Robin
  1468 | D:2      | Noticed Jessica
  1475 | D:2      | Reached skill level 1 in Shields
  1478 | D:2      | Reached skill level 1 in Armour
  1491 | D:2      | Killed Robin
  1506 | D:2      | Killed Jessica
  1507 | D:2      | Reached XP level 4. HP: 6/34 MP: 4/4
  2114 | D:2      | Reached skill level 1 in Axes
  2684 | D:3      | Reached XP level 5. HP: 20/40 MP: 5/5
  3258 | D:3      | Noticed an ogre
  3276 | D:3      | Killed an ogre
  3689 | D:3      | Found a sparkling altar of Nemelex Xobeh.
  3835 | D:3      | Found a hide-covered altar of Uskayaw.
  4147 | D:4      | Found an ancient bone altar of Kikubaaqudgha.
  4147 | D:4      | Found a basalt altar of Yredelemnul.
  4148 | D:4      | Noticed Menkaure
  4168 | D:4      | Found a transporter.
  4172 | D:4      | Found a transporter.
  4568 | D:4      | Reached XP level 6. HP: 31/47 MP: 6/6
  4791 | D:4      | Noticed a sky beast
  4826 | D:4      | HP: 2/47 [sky beast (6)]
  4829 | D:4      | Slain by a sky beast

Illustrated notes

Levels and vault maps discovered:
D:1:      amcnicky_arrival_double_pillar, layout_loops_ring,
          dreamdust_ecumenical_altar_hidden_monk_grotto
D:2:      layout_rooms, uniq_robin, uniq_jessica
D:3:      layout_loops_cross, marbit_many_paths, nicolae_overflow_two_pavilions
D:4:      layout_basic, gammafunk_temple_of_torment, roderic_lattice_a

Skill      XL: |  1  2  3  4  5 |
---------------+----------------+-----
Throwing       | 2 3 |  3.0
Shields        | 1 2 |  2.2
Armour         | 1 2 |  2.0
Axes           | 1 |  1.7
Fighting       | 3 |  3.3
Short Blades   | |  1.7
Maces & Flails | |  0.8
Dodging        | |  0.8
Stealth        | |  3.6

Action                   |  1- 3 |  4- 6 || total
-------------------------+-------+-------++-------
Melee: Dagger            |    92 |       ||    92
       Hand axe          |    29 |   149 ||   178
Throw: Dart              |    13 |    17 ||    30
  Use: Potion            |       |     8 ||     8
       Scroll            |       |     8 ||     8
 Stab: Sleeping          |     5 |       ||     5
Armor: Robe              |    29 |       ||    29
       Chain mail        |    45 |   112 ||   157
Dodge: Dodged            |    44 |    45 ||    89
